 Dungeon Crawl Stone Soup version 0.18.1-8-gdd0e5ea (webtiles) character file.

429 urechis the Martial Artist (level 6, -10/32 HPs)
             Began as a Vine Stalker Monk on May 28, 2016.
             Mangled by Prince Ribbit (16 damage)
             ... on level 5 of the Dungeon.
             The game lasted 00:06:16 (3264 turns).

urechis the Martial Artist (Vine Stalker Monk)      Turns: 3264, Time: 00:06:17

Health: -10/32     AC:  5    Str: 14    XL:     6   Next: 98%
Magic:  0/7        EV: 13    Int: 10    God:
Gold:   172        SH:  0    Dex: 18    Spells: 0 memorised, 5 levels left

rFire  . . .     SeeInvis .       - Unarmed
rCold  . . .     Gourm    .     a - +0 robe
rNeg   . . .     Faith    .     (no shield)
rPois  .         Spirit   +     l - +0 helmet
rElec  .         Dismiss  .     j - +1 cloak
rCorr  .         Reflect  .     (no gloves)
SustAt .         Harm     .     (no boots)
MR     .....                    (no amulet)
Stlth  ++........               (no ring)
                                (no ring)

@: not resistant to hostile enchantments, unstealthy
A: fangs 2, regeneration 2, magic shield, antimagic bite, no device heal 3, rot
immunity
a: no special abilities


You were on level 5 of the Dungeon.
You were near starving.

You visited 2 branches of the dungeon, and saw 6 of its levels.

You collected 172 gold pieces.

Inventory:

Armour
 a - a +0 robe (worn)
 j - a +1 cloak (worn)
 l - a +0 helmet (worn)
Scrolls
 c - a scroll of magic mapping
 d - 3 scrolls of amnesia
 e - 4 scrolls of identify
 h - 3 scrolls of teleportation
 i - a scroll of remove curse
 m - a scroll of acquirement {unknown}
Potions
 g - 2 potions of curing
 o - a potion of ambrosia
Comestibles
 b - 3 bread rations
 f - 2 beef jerkies
 k - a meat ration
 n - a slice of pizza


   Skills:
 - Level 2.6 Fighting
 - Level 2.4 Dodging
 - Level 2.4 Stealth
 + Level 8.1 Unarmed Combat


You had 5 spell levels left.
You didn't know any spells.

Dungeon Overview and Level Annotations

Branches:
Dungeon (5/15)             Temple (1/1) D:4

Altars:
Ashenzari
Cheibriados
Dithmenos
Elyvilon
Fedhas
Gozag
Kikubaaqudgha
Nemelex Xobeh
Okawaru
Pakellas
Qazlal
Ru
Sif Muna
Trog
Vehumet
Xom
Yredelemnul
Zin
The Shining One

Shops:
D:5 (}

Annotations:
D:5 Prince Ribbit


Innate Abilities, Weirdness & Mutations

You have extremely sharp teeth.
You heal very quickly.
When hurt, damage is shared between your health and your magic reserves.
Your bite disrupts and absorbs the magic of your enemies.
Potions and wands cannot restore your health.
You are immune to rotting.


Message History

Prince Ribbit's magic leaks into the air.
You drain his magic.
You feel invigorated.
Prince Ribbit is moderately wounded.
You are near starving!
Prince Ribbit asks, "Just a little smooch?"
Prince Ribbit hits you.
Prince Ribbit falters for a moment.
You closely miss Prince Ribbit. You bite Prince Ribbit.
Prince Ribbit's magic leaks into the air.
You drain his magic.
You feel invigorated.
Prince Ribbit is heavily wounded.
Prince Ribbit hits you!
* * * LOW HITPOINT WARNING * * *
You hit Prince Ribbit but do no damage. You bite Prince Ribbit.
Prince Ribbit's magic leaks into the air.
You drain his magic.
You feel invigorated.
Prince Ribbit is heavily wounded.
Prince Ribbit lets out a mournful croak.
Prince Ribbit hits you!!
Ouch! That really hurt!
You die...

.. ... ##########+#..
##F.#........#
#..@..#......#
#.....#......#
#.....#).....#...
#.....#......#..
#######+####......#.#
#....#.....<...#+##.#####
#....#.........#.........
#....#.........#.........
#....#.........#.........


You could see Prince Ribbit.

Vanquished Creatures
  A giant frog (D:4)
  A howler monkey (D:4)
  An orc wizard (D:3)
  Jessica (D:2)
  An iguana (D:4)
  2 worker ants (D:4)
  Ijyb (D:2)
  Robin (D:3)
  A gnoll (D:4)
  4 adders
  3 worms
  2 dart slugs
  9 orcs
  2 bats
  3 giant cockroaches
  16 goblins
  14 hobgoblins
  A jackal (D:3)
  16 kobolds
  A quokka (D:4)
  5 giant newts
  9 rats
95 creatures vanquished.

Notes
Turn   | Place    | Note
--------------------------------------------------------------
     0 | D:1      | urechis the Vine Stalker Monk began the quest for the Orb.
     0 | D:1      | Reached XP level 1. HP: 11/11 MP: 2/2
   152 | D:1      | Reached XP level 2. HP: 16/16 MP: 3/3
   365 | D:1      | Reached XP level 3. HP: 19/19 MP: 4/4
   410 | D:1      | Reached skill level 5 in Unarmed Combat
   901 | D:2      | Found an opulent altar of Gozag.
   952 | D:2      | Noticed Jessica
   961 | D:2      | Killed Jessica
   961 | D:2      | Reached XP level 4. HP: 19/23 MP: 3/5
  1080 | D:2      | Noticed Ijyb
  1094 | D:2      | Killed Ijyb
  1094 | D:2      | Reached skill level 6 in Unarmed Combat
  1505 | D:3      | Reached XP level 5. HP: 27/27 MP: 6/6
  1634 | D:3      | Found a glowing golden altar of the Shining One.
  1746 | D:3      | Noticed Robin
  1783 | D:3      | Killed Robin
  2147 | D:4      | Reached skill level 7 in Unarmed Combat
  2147 | D:4      | Gained mutation: You heal very quickly. [Vine Stalker growth]
  2147 | D:4      | Reached XP level 6. HP: 17/32 MP: 4/7
  2582 | D:4      | Reached skill level 8 in Unarmed Combat
  2704 | D:4      | Found an iron altar of Okawaru.
  2819 | D:4      | Found a staircase to the Ecumenical Temple.
  2825 | Temple   | Entered the Ecumenical Temple
  2983 | D:5      | Entered Level 5 of the Dungeon
  2987 | D:5      | Found Leliuxal's Antique Weapon Shop.
  3153 | D:5      | Found Baloigh's Gadget Emporium.
  3257 | D:5      | Noticed Prince Ribbit
  3264 | D:5      | Mangled by Prince Ribbit

Skill      XL: |  1  2  3  4  5  6 |
---------------+-------------------+-----
Unarmed Combat | 5 6 7 8 |  8.1
Fighting       | |  2.6
Dodging        | |  2.4
Stealth        | |  2.4

Action                   |  1- 3 |  4- 6 || total
-------------------------+-------+-------++-------
Melee: Unarmed           |    83 |   177 ||   260
       Bite              |    21 |    44 ||    65
       Punch             |     3 |     4 ||     7
  Use: Scroll            |       |     8 ||     8
       Potion            |       |     4 ||     4
 Stab: Sleeping          |     7 |     3 ||    10
       Distracted        |       |     1 ||     1
  Eat: Chunk             |       |     6 ||     6
Armor: Robe              |     9 |    35 ||    44
Dodge: Dodged            |    34 |   102 ||   136
